 Dungeon Crawl Stone Soup version 0.17-a0-1954-g0dddeaa (webtiles) character file.

7 Ordine the Skirmisher (level 1, -2/19 HPs)
             Began as a Demonspawn Wanderer on Oct 4, 2015.
             Slain by an ooze (5 damage)
             ... on level 1 of the Dungeon.
             The game lasted 00:01:48 (345 turns).

Ordine the Skirmisher (Demonspawn Wanderer)          Turns: 345, Time: 00:01:48

Health: -2/19      AC:  2    Str: 12    XL:     1   Next: 83%
Magic:  2/2        EV: 12    Int: 12    God:
Gold:   0          SH:  0    Dex: 13    Spells: 0 memorised, 0 levels left

rFire  . . .     SeeInvis .     e - +0 dagger
rCold  . . .     Clarity  .     d - +0 robe
rNeg   . . .     SustAt   .     (no shield)
rPois  .         Gourm    .     (no helmet)
rElec  .         Spirit   .     (no cloak)
rCorr  .         Warding  .     (no gloves)
rMut   .         Stasis   .     (no boots)
MR     .....                    (no amulet)
Stlth  +.........               (no ring)
                                (no ring)

@: not resistant to hostile enchantments, very unstealthy
A: no striking features
a: no special abilities


You were on level 1 of the Dungeon.
You were not hungry.

You visited 1 branch of the dungeon, and saw 1 of its levels.

Inventory:

Hand weapons
 e - a +0 dagger (weapon)
Armour
 d - a +0 robe (worn)
Scrolls
 b - a scroll of fear
 g - a scroll of identify {unknown}
 j - a scroll of enchant weapon {unknown}
Potions
 a - a potion of haste
 c - 2 potions of curing
 i - a potion of resistance {unknown}
Comestibles
 f - 2 bread rations
 h - a chunk of flesh


   Skills:
 + Level 4.2 Fighting
 + Level 0.1 Armour
 + Level 2.0 Dodging
 - Level 1.7 Unarmed Combat
   Level 2.0 Evocations


You couldn't memorise any spells.
You didn't know any spells.

Dungeon Overview and Level Annotations

Branches:
Dungeon (1/15)

Altars:


Message History

The ooze closely misses you.
You hit the ooze.
The ooze is severely wounded.
The ooze barely misses you.
You hit the ooze but do no damage.
The ooze is severely wounded.
The ooze hits you.
* * * LOW HITPOINT WARNING * * *
You are too injured to fight recklessly!
You hit the ooze but do no damage.
The ooze is severely wounded.
The ooze closely misses you.
You barely miss the ooze.
The ooze is severely wounded.
The ooze hits you.
* * * LOW HITPOINT WARNING * * *
You hit the ooze.
The ooze is almost dead.
The ooze hits you.
You die...

######## #......# #####
#########
######......###...###.......#
............'...........>...#
######......###...###.......#
#......# #...# #.......#
######.#.#### #...# ##.....##
........... #...# #.....#
#........... ##@## #.....#
#....##...... #J# #.....#
.....##.........l# #.....#
..........##.....# #.....#
......... #...[.# #.....#
......... ......##
###.####### ................
#.......# ............##%.
#.#####.# .<.......... #..
#)#


You could see an ooze and a giant gecko.

Vanquished Creatures
  2 goblins (D:1)
  3 hobgoblins (D:1)
  A bat (D:1)
6 creatures vanquished.

Notes
Turn   | Place    | Note
--------------------------------------------------------------
     0 | D:1      | Ordine the Demonspawn Wanderer began the quest for the Orb.
     0 | D:1      | Ordine set off with: a potion of haste, a scroll of fear, 2 potions of curing, a +0 robe, a +0 dagger, a bread ration, a !bad item (cl:100,ty:0,pl:0,pl2:0,sp:0,qu:0), a !bad item (cl:100,ty:0,pl:0,pl2:0,sp:0,qu:0), a !bad item (cl:100,ty:0,pl:0,pl2:0,sp:0,qu:0), a !bad item (cl:100,ty:0,pl:0,pl2:0,sp:0,qu:0), a !bad item (cl:100,ty:0,pl:0,pl2:0,sp:0,qu:0), a !bad item (cl:100,ty:0,pl:0,pl2:0,sp:0,qu:0), a !bad item (cl:100,ty:0,pl:0,pl2:0,sp:0,qu:0), a !bad item (cl:100,ty:0,pl:0,pl2:0,sp:0,qu:0), a !bad item (cl:100,ty:0,pl:0,pl2:0,sp:0,qu:0), a !bad item (cl:100,ty:0,pl:0,pl2:0,sp:0,qu:0), a !bad item (cl:100,ty:0,pl:0,pl2:0,sp:0,qu:0), a !bad item (cl:100,ty:0,pl:0,pl2:0,sp:0,qu:0), a !bad item (cl:100,ty:0,pl:0,pl2:0,sp:0,qu:0), a !bad item (cl:100,ty:0,pl:0,pl2:0,sp:0,qu:0), a !bad item (cl:100,ty:0,pl:0,pl2:0,sp:0,qu:0), a !bad item (cl:100,ty:0,pl:0,pl2:0,sp:0,qu:0), a !bad item (cl:100,ty:0,pl:0,pl2:0,sp:0,qu:0), a !bad item (cl:100,ty:0,pl:0,pl2:0,sp:0,qu:0), a !bad item (cl:100,ty:0,pl:0,pl2:0,sp:0,qu:0), a !bad item (cl:100,ty:0,pl:0,pl2:0,sp:0,qu:0), a !bad item (cl:100,ty:0,pl:0,pl2:0,sp:0,qu:0), a !bad item (cl:100,ty:0,pl:0,pl2:0,sp:0,qu:0), a !bad item (cl:100,ty:0,pl:0,pl2:0,sp:0,qu:0), a !bad item (cl:100,ty:0,pl:0,pl2:0,sp:0,qu:0), a !bad item (cl:100,ty:0,pl:0,pl2:0,sp:0,qu:0), a !bad item (cl:100,ty:0,pl:0,pl2:0,sp:0,qu:0), a !bad item (cl:100,ty:0,pl:0,pl2:0,sp:0,qu:0), a !bad item (cl:100,ty:0,pl:0,pl2:0,sp:0,qu:0), a !bad item (cl:100,ty:0,pl:0,pl2:0,sp:0,qu:0), a !bad item (cl:100,ty:0,pl:0,pl2:0,sp:0,qu:0), a !bad item (cl:100,ty:0,pl:0,pl2:0,sp:0,qu:0), a !bad item (cl:100,ty:0,pl:0,pl2:0,sp:0,qu:0), a !bad item (cl:100,ty:0,pl:0,pl2:0,sp:0,qu:0), a !bad item (cl:100,ty:0,pl:0,pl2:0,sp:0,qu:0), a !bad item (cl:100,ty:0,pl:0,pl2:0,sp:0,qu:0), a !bad item (cl:100,ty:0,pl:0,pl2:0,sp:0,qu:0), a !bad item (cl:100,ty:0,pl:0,pl2:0,sp:0,qu:0), a !bad item (cl:100,ty:0,pl:0,pl2:0,sp:0,qu:0), a !bad item (cl:100,ty:0,pl:0,pl2:0,sp:0,qu:0), a !bad item (cl:100,ty:0,pl:0,pl2:0,sp:0,qu:0), a !bad item (cl:100,ty:0,pl:0,pl2:0,sp:0,qu:0), a !bad item (cl:100,ty:0,pl:0,pl2:0,sp:0,qu:0), a !bad item (cl:100,ty:0,pl:0,pl2:0,sp:0,qu:0), a !bad item (cl:100,ty:0,pl:0,pl2:0,sp:0,qu:0), a !bad item (cl:100,ty:0,pl:0,pl2:0,sp:0,qu:0), a !bad item (cl:100,ty:0,pl:0,pl2:0,sp:0,qu:0)
     0 | D:1      | Reached XP level 1. HP: 19/19 MP: 2/2
   345 | D:1      | Slain by an ooze

Vault maps used:
D:1:      dpeg_arrival_stonehenge_12_columns

Action                   || total
-------------------------++-------
Melee: Dagger            ||    30
 Stab: Distracted        ||     1
